 Dungeon Crawl Stone Soup version 0.30-a0-141-g30f27751c5 (webtiles) character file.

Game seed: 16752540066291528642

1024 qw the Chopper (level 8, 0/49 HPs)
             Began as a Gargoyle Fighter on Sept 25, 2022.
             Slain by a wight
             ... wielding a +0 halberd
              (5 damage)
             ... on level 6 of the Dungeon.
             The game lasted 00:01:49 (5154 turns).

qw the Chopper (Gargoyle Fighter)                   Turns: 5154, Time: 00:01:49

Health: 0/49       AC: 19    Str: 23    XL:     8   Next: 22%
Magic:  8/8        EV:  6    Int:  8    God:
Gold:   853        SH:  4    Dex:  9    Spells: 7/7 levels left

rFire   . . .      SeeInvis .    Y - +1 war axe
rCold   . . .      Faith    .    c - +0 buckler
rNeg    + . .      Spirit   .    e - +0 plate armour
rPois   inf        Reflect  .    (no helmet)
rElec   +          Harm     .    (no cloak)
rCorr   .          Rampage  .    (no gloves)
Will    .....                    f - +1 pair of boots
Stlth   ..........               i - amulet of the acrobat
HPRegen 0.16/turn                (no ring)
MPRegen 0.11/turn                (no ring)

@: no status effects
A: sickness immunity, AC +5, negative energy resistance 1, electricity
resistance, torment resistance 1, petrification resistance
a: no special abilities


You were on level 6 of the Dungeon.
You visited 1 branch of the dungeon, and saw 6 of its levels.

You collected 853 gold pieces.


Innate Abilities, Weirdness & Mutations

You are immune to sickness and miasma.
Your stone body is resilient. (AC +5)
You are immune to poison.
You resist negative energy. (rN+)
You are resistant to electric shocks. (rElec)
You are resistant to unholy torment.
You are immune to petrification.


   Skills:
 - Level 5.2 Fighting
 + Level 7.2 Axes
 - Level 4.4 Armour
 - Level 1.5 Dodging
 - Level 3.2 Shields


You had 7 spell levels left.
You didn't know any spells.
Your spell library was empty.

Inventory:

Hand Weapons
 k - a +0 flail
 Y - a +1 war axe (weapon)
Armour
 c - a +0 buckler (worn)
 e - a +0 plate armour (worn)
 f - a +1 pair of boots (worn)
Jewellery
 i - an amulet of the acrobat (around neck)
Scrolls
 a - a scroll of identify
Potions
 d - 3 potions of might
 h - a potion of mutation
 l - a potion of cancellation

Dungeon Overview and Level Annotations

Branches:
Dungeon (6/15)             Temple (0/1) D:6

Altars:
Makhleb
Qazlal
Uskayaw

Annotations:
D:4 1 runed translucent door, qw's ghost, amateur GrFi


Message History

The wight hits you but does no damage. x2; You block the wight's attack.
The wight hits you but does no damage. The wight barely misses you.
A wight comes into view. It is wielding a +1 halberd.
The wight hits you from afar with a +0 halberd.
You closely miss the wight.
The wight hits you from afar with a +0 halberd.
The wight hits you from afar with a +0 halberd!
The wight hits you with a +0 great sword.
5148 ||| DRINKING potion of heal wounds.
You feel much better.
The wight hits you from afar with a +0 halberd!
The wight hits you from afar with a +0 halberd.
The wight closely misses you.
You hit the wight.
The wight is moderately damaged.
You hear the slow rusting of a very distant drain.
The wight hits you but does no damage. The wight barely misses you.
The wight hits you but does no damage.
You hit the wight but do no damage.
The wight is moderately damaged.
The wight barely misses you.
The wight hits you from afar with a +0 halberd.
The wight hits you with a +0 great sword!
You closely miss the wight.
The wight is moderately damaged.
The wight barely misses you. The wight hits you but does no damage.
The wight hits you with a +0 great sword.
You closely miss the wight.
The wight is moderately damaged.
The wight hits you from afar with a +0 halberd.
You block the wight's attack. x2
You closely miss the wight.
The wight is moderately damaged.
The wight hits you but does no damage. x2; You block the wight's attack.
You slash the wight!
The wight is almost destroyed.
You block the wight's attack.
The wight hits you but does no damage. x3
The wight completely misses you.
The wight hits you from afar with a +0 halberd.
You die...

#.####.##.# . #.#
#.##.# #.# #.##..
#.# #.##.. #.#
#.# #. #.# #.#
#.####.###
#.##)zz..#
###.##@# #.#..
####...##)#......
#........z...z#
#.##.#.##........
# #.#.#####.....
#.#.# ..... #...[
.... ##### ###


You could see 3 wights.

Vanquished Creatures
  Duvessa (D:5)
  A black bear (D:5)
  An ogre (D:6)
  2 kobold brigands (D:5)
  4 scorpions
  A wight (D:6)
  Dowan (D:5)
  A hound (D:4)
  Jessica (D:2)
  2 orc wizards (D:4)
  2 iguanas
  3 adders (D:5)
  2 shadow imps (D:5)
  An ufetubus (D:4)
  A worm (D:2)
  A dart slug (D:3)
  3 orcs (D:4)
  9 ball pythons
  6 endoplasms
  4 giant cockroaches
  6 goblins
  6 hobgoblins
  8 jackals (D:5)
  2 quokkas
  2 bats
  3 frilled lizards
  13 kobolds
  3 rats
90 creatures vanquished.

Vanquished Creatures (collateral kills)
  A goblin (D:3)
1 creature vanquished.

Grand Total: 91 creatures vanquished

Notes
Turn   | Place    | Note
-------+----------+-------------------------------------------
     0 | D:1      | qw the Gargoyle Fighter began the quest for the Orb.
     0 | D:1      | Reached XP level 1. HP: 14/14 MP: 1/1
     0 | D:1      | 0 ||| qw: Version: 0.2-a-10-g399e6c4
     0 | D:1      | 0 ||| qw: Game counter: 162
     0 | D:1      | 0 ||| qw: Always use a shield: true
     0 | D:1      | 0 ||| qw: God list: Okawaru
     0 | D:1      | 0 ||| qw: Allow faded altars: false
     0 | D:1      | 0 ||| qw: Do Orc after D:15 true
     0 | D:1      | 0 ||| qw: Do second Lair branch before Depths: true
     0 | D:1      | 0 ||| qw: Lair rune preference: random
     0 | D:1      | 0 ||| qw: Plans: Normal, Zot:1-4, God:TSO, Crypt, Tomb,
                  | Pan, Slime:5, Hells, Abyss, Orb
     0 | D:1      | 0 ||| PLANNING D:1-11
    59 | D:1      | Reached skill level 2 in Axes
    96 | D:1      | Reached XP level 2. HP: 16/19 MP: 2/2
   267 | D:1      | Found a faded altar of an unknown god.
   393 | D:1      | 393 ||| DROPPING +0 club.
   571 | D:1      | 571 ||| DROPPING amulet of faith.
   572 | D:1      | 572 ||| UPGRADING to amulet of the acrobat.
   577 | D:1      | 577 ||| READING 3 scrolls labelled RORYOZ EHENAS.
   578 | D:1      | 578 ||| READING scroll labelled LEGUICW LIURO.
   579 | D:1      | 579 ||| READING scroll labelled MUORREZAFIY.
   580 | D:1      | 580 ||| READING scroll labelled ZOITUV LYCK.
   585 | D:1      | 585 ||| READING scroll labelled EREAZO ZOXTA.
   586 | D:1      | 586 ||| DRINKING 2 lumpy brown potions.
   587 | D:1      | 587 ||| READING 2 scrolls of identify.
   587 | D:1      | 587 ||| IDENTIFYING dark potion
   588 | D:1      | 588 ||| DROPPING potion of flight.
   639 | D:2      | 639 ||| Stepping ~*~*~tactically~*~*~ (stealth).
   680 | D:2      | 680 ||| STAIRDANCE
   694 | D:1      | 694 ||| DROPPING amulet of magic regeneration.
   697 | D:2      | 697 ||| STAIRDANCE
   697 | D:2      | Noticed Jessica
   700 | D:1      | Reached skill level 3 in Axes
   702 | D:2      | 702 ||| STAIRDANCE
   710 | D:2      | 710 ||| STAIRDANCE
   794 | D:2      | Killed Jessica
   795 | D:2      | Reached XP level 3. HP: 22/23 MP: 3/3
   936 | D:2      | 936 ||| Stepping ~*~*~tactically~*~*~ (stealth).
   989 | D:2      | Reached XP level 4. HP: 26/28 MP: 4/4
  1125 | D:2      | 1125 ||| Stepping ~*~*~tactically~*~*~ (stealth).
  1129 | D:2      | 1129 ||| Stepping ~*~*~tactically~*~*~ (stealth).
  1133 | D:2      | 1133 ||| Stepping ~*~*~tactically~*~*~ (stealth).
  1288 | D:2      | 1288 ||| READING 4 scrolls labelled XIGYLA JOWAECK.
  1289 | D:2      | 1289 ||| READING scroll labelled MICLUDGHINI.
  1290 | D:2      | 1290 ||| DROPPING 3 scrolls of butterflies.
  1342 | D:3      | Found a stormy altar of Qazlal.
  1342 | D:3      | Found a burning altar of Makhleb.
  1344 | D:3      | 1344 ||| READING scroll labelled HIVVAC GUAMATT.
  1345 | D:3      | 1345 ||| Stepping randomly (stuck).
  1346 | D:3      | 1346 ||| Stepping randomly (stuck).
  1364 | D:3      | 1364 ||| Stepping ~*~*~tactically~*~*~ (stealth).
  1446 | D:3      | 1446 ||| Stepping ~*~*~tactically~*~*~ (hiding).
  1452 | D:3      | Reached skill level 4 in Axes
  2254 | D:3      | 2254 ||| UPGRADING to +0 plate armour.
  2264 | D:3      | 2264 ||| DROPPING +0 scale mail.
  2265 | D:3      | 2265 ||| UPGRADING to +0 pair of boots.
  2440 | D:4      | Noticed a scorpion
  2447 | D:4      | Killed a scorpion
  2448 | D:4      | Reached skill level 5 in Axes
  2448 | D:4      | Reached XP level 5. HP: 28/32 MP: 5/5
  2803 | D:4      | 2803 ||| DROPPING +1 whip of flaming.
  2853 | D:4      | Reached XP level 6. HP: 33/38 MP: 6/6
  3112 | D:4      | Found a runed translucent door.
  3112 | D:4      | Noticed qw's ghost (amateur GrFi)
  3210 | D:4      | Noticed a +0 hand axe
  3212 | D:4      | Found a hide-covered altar of Uskayaw.
  3212 | D:4      | Noticed a +0 dagger
  3223 | D:4      | 3223 ||| Stepping ~*~*~tactically~*~*~ (stealth).
  3560 | D:4      | 3560 ||| DROPPING scarf of invisibility.
  3561 | D:4      | 3561 ||| READING 2 scrolls labelled BINIUB QESUGOC.
  3562 | D:4      | 3562 ||| READING scroll of enchant armour.
  3562 | D:4      | 3562 ||| ENCHANTING +0 pair of boots.
  3563 | D:4      | 3563 ||| READING scroll labelled ONOLUY CAOCROA.
  3563 | D:4      | Identified a scroll of acquirement
  3563 | D:4      | 3563 ||| ACQUIRING 571 gold pieces
  3563 | D:4      | Acquired 571 gold pieces
  3565 | D:4      | 3565 ||| READING scroll labelled SIFATIADOWK.
  3566 | D:4      | 3566 ||| READING scroll labelled MECKEMN HOTU.
  3567 | D:4      | 3567 ||| READING 4 scrolls of identify.
  3567 | D:4      | 3567 ||| IDENTIFYING purple potion
  3607 | D:5      | Entered Level 5 of the Dungeon
  3709 | D:5      | 3709 ||| Stepping ~*~*~tactically~*~*~ (stealth).
  3783 | D:5      | Noticed a black bear
  3792 | D:5      | Killed a black bear
  3793 | D:5      | Reached skill level 6 in Axes
  3803 | D:5      | Noticed Duvessa
  3832 | D:5      | Killed Duvessa
  3833 | D:5      | Reached XP level 7. HP: 22/43 MP: 7/7
  3838 | D:5      | Noticed Dowan
  3839 | D:5      | 3839 ||| FLEEEEING.
  4149 | D:5      | Killed Dowan
  4300 | D:5      | 4300 ||| Stepping ~*~*~tactically~*~*~ (stealth).
  4465 | D:5      | 4465 ||| DROPPING +2 mace of holy wrath.
  4472 | D:5      | 4472 ||| READING 4 scrolls of identify.
  4472 | D:5      | 4472 ||| IDENTIFYING fuming orange potion
  4476 | D:5      | Reached skill level 7 in Axes
  4476 | D:5      | 4476 ||| READING 3 scrolls of identify.
  4476 | D:5      | 4476 ||| IDENTIFYING red potion
  4477 | D:5      | 4477 ||| DROPPING potion of invisibility.
  4478 | D:5      | 4478 ||| DROPPING potion of berserk rage.
  4479 | D:5      | 4479 ||| READING 2 scrolls of teleportation.
  4530 | D:5      | 4530 ||| Stepping ~*~*~tactically~*~*~ (stealth).
  4712 | D:5      | 4712 ||| FLEEEEING.
  4713 | D:5      | 4713 ||| FLEEEEING.
  4715 | D:5      | 4715 ||| FLEEEEING.
  4756 | D:5      | Reached XP level 8. HP: 42/49 MP: 8/8
  4829 | D:5      | 4829 ||| READING 2 scrolls of identify.
  4829 | D:5      | 4829 ||| IDENTIFYING murky grey potion
  4830 | D:5      | 4830 ||| READING scroll of teleportation.
  5052 | D:6      | 5052 ||| PLANNING SEWER
  5053 | D:6      | Found a staircase to the Ecumenical Temple.
  5133 | D:6      | 5133 ||| Stepping ~*~*~tactically~*~*~ (hiding).
  5139 | D:6      | Reached skill level 1 in Dodging
  5139 | D:6      | HP: 12/49 [wight/+0 halberd (7)]
  5140 | D:6      | 5140 ||| DRINKING 2 potions of heal wounds.
  5147 | D:6      | HP: 11/49 [wight/+0 halberd (14)]
  5148 | D:6      | 5148 ||| DRINKING potion of heal wounds.
  5152 | D:6      | HP: 5/49 [wight/+0 halberd (1)]
  5154 | D:6      | Slain by a wight

Levels and vault maps discovered:
D:1:      dpeg_arrival_arbitrary_b, layout_rooms,
          hellmonk_ecumenical_altar_blasted, corner_web_ring,
          minmay_misc_feat_more_columns
D:2:      layout_rooms, uniq_jessica
D:3:      layout_basic, jmf_multi_god_temple
D:4:      layout_loops_corners, dancing_weapons_uskayaw, ebering_ghost_sewer_d,
          glass_columns_a
D:5:      cheibrodos_thug_alley, layout_basic, uniq_duvessa
D:6:      layout_loops_ring, overflow_temple_1_default,
          minmay_temple_entry_waves, cheibrodos_sewer_entry_drain

Skill      XL: |  1  2  3  4  5  6  7  8 |
---------------+-------------------------+-----
Axes           | 2 3 5 6 7 |  7.2
Fighting       | 4 5 |  5.2
Armour         | 4 |  4.4
Dodging        | 1 |  1.5
Shields        | |  3.2

Action                   |  1- 3 |  4- 6 |  7- 9 || total
-------------------------+-------+-------+-------++-------
Melee: War axe           |    78 |   140 |    90 ||   308
  Use: Scroll            |     6 |     9 |     5 ||    20
       Potion            |     1 |       |     2 ||     3
Armor: Scale mail        |    32 |     8 |       ||    40
       Plate armour      |       |    92 |    66 ||   158
Dodge: Dodged            |    39 |    53 |    28 ||   120
Block: Buckler           |    11 |    25 |    23 ||    59

Table legend:
 A = Non-vault XP
 B = Vault XP
 C = Vault XP percentage of total XP
 D = Non-vault monster count
 E = Vault monster count
 F = Vault count percentage of total count
                 A         B        C        D         E       F
            +---------+---------+-------+---------+---------+-------
      Total |    1004 |     459 |  31.4 |      79 |      12 |  13.2
            +---------+---------+-------+---------+---------+-------
        D:1 |      24 |       0 |   0.0 |      14 |       0 |   0.0
        D:2 |      32 |      37 |  53.6 |      17 |       1 |   5.6
        D:3 |      10 |       4 |  28.6 |       5 |       2 |  28.6
        D:4 |     346 |       0 |   0.0 |      23 |       0 |   0.0
        D:5 |     402 |     418 |  51.0 |      18 |       9 |  33.3
        D:6 |     190 |       0 |   0.0 |       2 |       0 |   0.0
            +---------+---------+-------+---------+---------+-------
